Map: Emerald City LE

Players

qqq - Winner!

  • Race: Zerg Zerg
  • Spawn Location: 5:00

Massa - Winner!

  • Race: Terran Terran
  • League: Platinum
  • Spawn Location: 5:00

Ђољ

  • Race: Protoss Protoss
  • Spawn Location: 11:00

Deserter

  • Race: Terran Terran
  • Spawn Location: 11:00

VOD

Have the link to the VOD?

Description

Time

  • Played on: Feb. 17, 2021, 4:22 p.m.
  • Length: 17:40
Show
View Real Time Build Order
Export as new Build Order

qqq Zerg - Winner!

Build Orders: Hatch First 

Get SALT Encoding   

  12  0:02  Drone  
  13  0:08  Drone  
  14  0:18  Overlord  
  14  0:47  Hatchery  
  14  0:48  Drone  
  14  0:56  Drone  
  15  0:58  Drone  
  15  1:03  Drone  
  17  1:24  Spawning Pool  
  17  1:25  Extractor  
  15  1:28  Drone x2  
  17  1:36  Drone  
  18  1:43  Extractor  
  18  1:44  Drone  
  18  1:54  Drone  
  19  2:01  Drone  
  20  2:10  Overlord  
  20  2:11  Queen  
  22  2:15  Queen  
  22  2:22  Drone  
  25  2:26  Metabolic Boost  
  25  2:28  Drone  
  26  2:40  Drone  
  27  2:46  Drone  
  28  2:55  Drone  
  29  3:01  Hatchery, Zergling x4  
  30  3:07  Evolution Chamber  
  30  3:12  Drone, Evolution Chamber  
  29  3:15  Drone  
  29  3:17  Drone  
  31  3:21  Drone  
  31  3:22  Extractor  
  31  3:24  Drone  
  32  3:27  Drone  
  32  3:30  Drone  
  34  3:36  Zerg Melee Weapons Level 1  
  34  3:38  Drone  
  35  3:43  Overlord  
  35  3:45  Drone  
  36  3:56  Overlord  
  36  3:58  Overlord  
  36  4:02  Drone x3  
  39  4:04  Zergling x2  
  39  4:06  Zergling x2  
  41  4:13  Lair  
  41  4:15  Zergling x2  
  43  4:17  Zergling x2  
  43  4:21  Drone x2  
  46  4:24  Zergling x2  
  46  4:25  Zergling x2  
  46  4:27  Zergling x2  
  46  4:30  Zergling x2  
  49  4:31  Zergling x2  
  49  4:33  Zergling x2  
  51  4:42  Zerg Ground Armor Level 1  
  51  4:47  Drone  
  51  4:48  Drone x4  
  56  4:56  Zergling x6  
  59  5:00  Zergling x2  
  59  5:01  Zergling x6  
  63  5:09  Spore Crawler  
  63  5:12  Drone x2  
  64  5:15  Extractor  
  64  5:16  Extractor, Spore Crawler  
  64  5:19  Queen, Spore Crawler  
  64  5:21  Drone  
  63  5:38  Drone  
  63  5:39  Drone x2  
  63  5:42  Spire  
  65  5:47  Drone  
  65  5:49  Overlord x3  
  60  5:58  Overlord  
  60  5:59  Drone x4  
  60  6:00  Drone x2  
  66  6:20  Drone x3  
  66  6:21  Drone x2  
  66  6:25  Overlord  
  71  6:26  Overlord  
  71  6:28  Hatchery  
  68  6:37  Drone  
  68  6:38  Drone x5  
  74  6:44  Overlord  
  72  7:03  Mutalisk x4  
  72  7:04  Mutalisk  
  72  7:05  Corruptor x4  
  90  7:09  Zerg Flyer Weapons Level 1  
  90  7:14  Drone x3  
  93  7:15  Drone, Infestation Pit  
  93  7:27  Queen  
  93  7:29  Drone x2, Corruptor  
  97  7:30  Extractor, Mutalisk  
  97  7:31  Extractor, Mutalisk  
  101  7:47  Spire  
  97  8:04  Drone x3  
  97  8:05  Drone x5  
  105  8:06  Corruptor  
  105  8:07  Corruptor  
  105  8:12  Drone  
  110  8:20  Hive  
  110  8:21  Drone  
  111  8:37  Drone  
  112  8:41  Drone  
  112  8:43  Corruptor x3  
  112  8:47  Drone  
  120  8:50  Hatchery  
  119  8:59  Mutalisk, Corruptor x2  
  119  9:01  Zergling x4  
  127  9:03  Overlord x6  
  127  9:07  Zerg Flyer Armor Level 1  
  127  9:12  Hatchery  
  120  9:25  Zerg Flyer Weapons Level 2  
  120  9:27  Drone x3  
  123  9:31  Extractor x2  
  123  9:32  Hatchery  
  123  9:33  Hatchery  
  123  9:36  Corruptor x3  
  125  9:48  Drone  
  126  9:53  Corruptor, Viper  
  126  9:55  Drone  
  126  9:59  Corruptor  
  132  10:01  Overlord  
  132  10:02  Overlord x5  
  132  10:06  Drone  
  135  10:08  Corruptor  
  137  10:25  Drone x3, Corruptor x3  
  137  10:26  Corruptor  
  137  10:27  Corruptor  
  150  10:33  Pneumatized Carapace  
  150  10:36  Overseer  
  150  10:37  Drone x2  
  150  10:42  Spore Crawler  
  151  10:44  Spore Crawler, Overseer  
  151  10:46  Spore Crawler  
  151  10:48  Corruptor x2  
  151  10:49  Zergling x2, Spore Crawler, Overlord  
  152  10:50  Zergling x2, Spore Crawler, Overlord x3  
  152  10:51  Spore Crawler  
  135  11:07  Corruptor x3  
  135  11:09  Drone x6  
  135  11:10  Overlord x2  
  129  11:24  Drone x6  
  135  11:25  Mutalisk x2  
  135  11:26  Mutalisk x2  
  135  11:28  Zerg Melee Weapons Level 2  
  143  11:34  Drone x3  
  146  11:43  Mutalisk  
  148  11:48  Drone x3  
  148  11:52  Extractor x2  
  148  11:54  Extractor  
  148  11:55  Extractor  
  148  11:56  Greater Spire  
  148  11:58  Zerg Flyer Weapons Level 3  
  148  12:01  Zergling x12  
  150  12:02  Zergling x8  
  150  12:05  Drone x2, Baneling Nest  
  150  12:06  Zerg Ground Armor Level 2  
  150  12:07  Drone x3  
  150  12:08  Drone  
  162  12:11  Mutalisk  
  162  12:12  Mutalisk  
  162  12:13  Zergling x2  
  162  12:15  Zergling x6  
  167  12:17  Spine Crawler  
  167  12:19  Spine Crawler x2  
  153  12:37  Mutalisk x3  
  153  12:38  Mutalisk x2  
  153  12:41  Overlord x3  
  153  12:42  Overlord  
  153  12:43  Drone  
  164  12:48  Spine Crawler  
  151  12:58  Corruptor x4  
  151  12:59  Corruptor  
  151  13:00  Drone x3  
  140  13:15  Corruptor x4  
  140  13:17  Drone x4  
  147  13:35  Lair  
  147  13:37  Mutalisk x3  
  147  13:39  Zergling x6  
  147  13:40  Drone x3  
  147  13:41  Drone x2  
  155  14:09  Drone x2  
  158  14:10  Drone x2  
  158  14:12  Spore Crawler  
  158  14:15  Spore Crawler  
  158  14:16  Spine Crawler, Spore Crawler x2  
  154  14:17  Spine Crawler  
  154  14:18  Drone, Spine Crawler  
  154  14:19  Drone  
  154  14:22  Spore Crawler  
  154  14:24  Drone x2, Spore Crawler  
  149  14:49  Corruptor x4  
  149  14:50  Mutalisk  
  157  14:54  Drone  
  157  14:55  Overlord x4  
  157  14:56  Hatchery  
  157  15:10  Corruptor x3  
  157  15:12  Overlord x4  
  157  15:13  Overlord x2  
  141  15:26  Mutalisk, Corruptor  
  141  15:27  Mutalisk x3  
  141  15:28  Mutalisk x2  
  155  15:53  Corruptor  
  155  15:54  Mutalisk x4, Corruptor  
  155  15:55  Mutalisk x2  
  169  16:06  Overlord  
  167  16:11  Spawning Pool  
  160  17:10  Mutalisk x6  
  160  17:11  Mutalisk  
  160  17:12  Zergling x4  
Show
View Real Time Build Order
Export as new Build Order

Massa Terran - Winner!

Build Orders:  

Get SALT Encoding   

  12  0:00  SCV  
  13  0:13  SCV  
  14  0:22  Supply Depot  
  14  0:25  SCV  
  15  0:43  SCV  
  15  0:44  Barracks  
  16  0:55  SCV  
  16  0:56  Refinery  
  17  1:07  SCV  
  18  1:19  SCV  
  19  1:33  Orbital Command  
  19  1:39  Marine  
  20  1:46  Command Center  
  20  1:59  Barracks Reactor, SCV  
  21  2:03  Supply Depot  
  21  2:09  Supply Depot  
  21  2:11  SCV  
  22  2:23  SCV  
  23  2:31  Factory  
  23  2:44  SCV  
  23  2:45  Marine x2  
  26  2:57  Orbital Command  
  26  2:59  SCV  
  26  3:03  Marine x2  
  29  3:11  SCV  
  30  3:16  Starport  
  30  3:19  Hellion  
  32  3:20  Marine  
  32  3:21  Marine  
  32  3:23  SCV x2  
  36  3:33  Refinery  
  36  3:35  SCV  
  36  3:41  Command Center  
  37  3:47  SCV x2  
  39  3:49  Hellion  
  39  3:50  Hellion  
  39  3:54  Starport Tech Lab  
  43  3:59  SCV  
  44  4:07  Barracks Tech Lab  
  44  4:11  Hellion x2  
  44  4:15  SCV  
  44  4:16  SCV, Barracks  
  50  4:20  Barracks  
  50  4:21  Barracks  
  50  4:28  SCV  
  51  4:33  Cloaking Field  
  51  4:34  Banshee  
  54  4:40  Refinery  
  54  4:43  Refinery  
  54  4:46  Supply Depot  
  54  4:49  Supply Depot  
  54  4:52  SCV x2  
  56  5:04  SCV  
  57  5:15  Marauder  
  57  5:17  Widow Mine x2  
  61  5:27  Banshee  
  62  5:29  SCV x3  
  65  5:38  Widow Mine x2  
  64  6:04  Marauder  
  64  6:10  Widow Mine x2  
  68  6:17  Banshee  
  64  6:45  Supply Depot  
  64  6:46  Barracks Tech Lab, Supply Depot  
  64  6:47  Supply Depot x2  
  64  6:49  Supply Depot  
  64  6:50  Barracks Reactor, Barracks Tech Lab  
  64  7:03  SCV x2  
  64  7:06  Armory, Engineering Bay  
  66  7:09  SCV, Engineering Bay  
  66  7:15  SCV x2  
  69  7:21  SCV  
  70  7:27  SCV x2  
  64  8:02  Marauder x3, Marine x2  
  64  8:05  Medivac  
  74  8:07  Stimpack  
  74  8:08  Combat Shield  
  74  8:09  Concussive Shells  
  74  8:10  Terran Infantry Weapons Level 1  
  74  8:11  Terran Infantry Armor Level 1  
  74  8:17  Planetary Fortress  
  74  8:18  SCV  
  74  8:19  SCV  
  76  8:20  Marine x2  
  76  8:23  Marauder x2  
  82  8:29  Widow Mine  
  82  8:30  Widow Mine, SCV  
  82  8:31  SCV  
  88  8:35  Command Center, Medivac  
  88  8:40  Barracks  
  90  8:41  Barracks  
  90  8:42  Barracks x2  
  90  8:43  SCV  
  90  8:45  Barracks  
  91  8:50  Marauder x3, Marine x2  
  91  8:51  Widow Mine x2  
  103  8:56  Terran Vehicle Weapons Level 1  
  103  9:05  Medivac  
  103  9:07  SCV x3  
  103  9:08  Marine x2  
  106  9:11  Refinery, Marauder x2  
  106  9:13  Refinery  
  110  9:19  SCV x2  
  110  9:20  Fusion Core  
  110  9:22  SCV, Ghost Academy  
  111  9:30  Widow Mine  
  111  9:31  Widow Mine, SCV x2  
  115  9:34  SCV  
  115  9:37  Barracks Reactor x3, Barracks Tech Lab  
  115  9:38  Barracks Tech Lab  
  118  9:53  Factory  
  118  9:59  SCV x3  
  121  10:01  Starport  
  121  10:02  Marauder, Marine x4  
  121  10:03  Marine x2  
  129  10:10  Enhanced Shockwaves  
  129  10:11  SCV x3  
  129  10:12  Advanced Ballistics  
  132  10:18  Supply Depot x2  
  132  10:19  Marine x6, Supply Depot  
  132  10:20  Marine x2  
  140  10:21  Supply Depot  
  140  10:29  Planetary Fortress  
  140  10:39  Marine x7  
  140  10:40  SCV x3, Marauder x2  
  154  10:46  Supply Depot x3  
  154  10:48  Factory Tech Lab, Supply Depot  
  154  10:52  SCV x3  
  157  10:57  Command Center  
  157  11:04  SCV  
  158  11:11  Supply Depot  
  158  11:12  Supply Depot  
  158  11:13  Supply Depot  
  158  11:15  Supply Depot  
  158  11:22  Drilling Claws  
  158  11:25  Corvid Reactor  
  158  11:29  Widow Mine x2  
  162  11:37  Starport Reactor  
  162  11:38  Terran Infantry Armor Level 2, Terran Infantry Weapons Level 2  
  162  11:39  Terran Vehicle Weapons Level 2  
  162  11:47  Refinery  
  162  11:50  Widow Mine x2  
  166  11:55  Command Center  
  166  12:09  Refinery  
  166  12:21  Marauder x5, Marine x4  
  176  12:41  Smart Servos, Marine x3  
  176  12:42  Marauder x4  
  176  12:43  Marauder  
  189  12:45  Hyperflight Rotors  
  179  13:04  Marauder, Marine  
  179  13:05  Marauder x4, Marine x7  
  195  13:07  Widow Mine x2  
  187  13:22  Marine x3  
  187  13:25  Marauder  
  187  13:26  Marauder x3, Medivac  
  198  13:41  Orbital Command  
  198  13:45  Missile Turret  
  198  13:53  Marauder  
  198  13:55  Terran Infantry Weapons Level 3, Terran Infantry Armor Level 3  
  200  14:07  Missile Turret  
  198  14:25  Terran Vehicle Weapons Level 3  
  198  14:27  Missile Turret  
  149  15:25  Marauder x3  
  149  15:26  Marauder x2, Marine x6  
  149  15:27  Thor  
  175  15:28  Widow Mine x2  
  168  15:50  Widow Mine x2  
  168  15:56  Liberator x3  
  177  16:03  Marauder x3, Marine  
  184  16:10  Thor  
  175  16:11  Widow Mine x2  
  158  16:32  Widow Mine, Hi-Sec Auto Tracking, Marauder x4  
  162  16:33  Marauder, Marine x5  
  162  16:34  Marine  
  162  16:35  Widow Mine  
  162  16:38  Liberator  
  162  16:39  Liberator  
  176  16:53  Marauder, Thor  
  176  16:54  Widow Mine, Marauder  
  188  16:57  Widow Mine  
  188  17:06  Medivac  
  190  17:11  SCV x4  
  190  17:15  Widow Mine  
Show
View Real Time Build Order
Export as new Build Order

Ђољ Protoss 

Build Orders: Carriers 

Get SALT Encoding   

  12  0:01  Probe (Chrono Boost)  
  13  0:11  Probe (Chrono Boost)  
  14  0:21  Probe  
  14  0:25  Pylon  
  15  0:43  Probe  
  15  0:45  Gateway  
  16  0:52  Assimilator  
  16  0:55  Probe  
  17  1:06  Gateway  
  17  1:07  Probe  
  18  1:19  Probe  
  19  1:34  Cybernetics Core  
  19  2:04  Nexus  
  19  2:08  Probe  
  20  2:12  Stalker  
  22  2:20  Probe  
  23  2:25  Pylon  
  23  2:42  Pylon  
  23  2:43  Stalker  
  23  2:44  Probe (Chrono Boost)  
  26  2:49  Assimilator  
  26  2:50  Probe  
  26  2:56  Stalker  
  29  3:02  Probe (Chrono Boost)  
  31  3:14  Probe (Chrono Boost)  
  31  3:19  Probe (Chrono Boost)  
  32  3:22  Probe (Chrono Boost)  
  32  3:25  Sentry  
  36  3:27  Probe (Chrono Boost)  
  38  3:34  Probe (Chrono Boost)  
  38  3:35  Probe (Chrono Boost)  
  38  3:41  Probe (Chrono Boost), Stargate  
  39  3:49  Probe  
  39  3:51  Assimilator  
  39  3:52  Probe  
  41  3:55  Assimilator  
  41  3:59  Protoss Air Weapons Level 1 (Chrono Boost)  
  41  4:01  Probe  
  42  4:04  Probe  
  43  4:13  Probe  
  43  4:16  Probe  
  45  4:19  Shield Battery  
  45  4:25  Probe  
  45  4:28  Probe  
  47  4:32  Fleet Beacon  
  47  4:37  Stargate  
  47  4:50  Probe  
  47  4:51  Probe  
  49  5:03  Probe x2  
  51  5:19  Shield Battery  
  49  6:13  Pylon  
  49  6:15  Pylon  
  49  6:18  Carrier (Chrono Boost)  
  49  6:19  Pylon  
  53  6:28  Carrier (Chrono Boost)  
  57  6:47  Stargate  
  57  6:49  Stargate  
  57  6:54  Pylon  
  57  6:56  Pylon  
  57  6:57  Robotics Facility  
  57  7:08  Stalker  
  63  7:24  Carrier (Chrono Boost)  
  69  7:30  Carrier (Chrono Boost)  
  69  7:31  Pylon  
  69  7:32  Carrier (Chrono Boost)  
  69  7:33  Pylon  
  69  7:34  Carrier (Chrono Boost)  
  69  7:35  Pylon  
  81  8:08  Pylon x2  
  81  8:17  Carrier  
  87  8:21  Protoss Air Weapons Level 2 (Chrono Boost)  
  87  8:22  Observer  
  88  8:51  Observer  
  88  8:54  Tempest x2  
  98  9:30  Forge  
  98  9:39  Nexus  
  98  9:43  Assimilator  
  98  9:48  Assimilator  
  98  9:53  Pylon  
  98  9:57  Pylon  
  98  10:00  Probe  
  98  10:01  Probe  
  98  10:02  Pylon  
  100  10:13  Probe x2  
  102  10:21  Photon Cannon x2  
  102  10:23  Photon Cannon  
  102  10:24  Photon Cannon  
  102  10:25  Probe x2, Photon Cannon  
  102  10:27  Photon Cannon  
  104  10:32  Photon Cannon  
  104  10:33  Photon Cannon  
  104  10:34  Photon Cannon  
  104  10:37  Probe x2, Photon Cannon  
  104  10:39  Photon Cannon  
  106  10:45  Photon Cannon  
  106  10:46  Photon Cannon  
  106  10:47  Photon Cannon  
  106  10:49  Probe x2  
  108  11:01  Probe x2  
  86  11:13  Probe x2  
  86  11:17  Flux Vanes  
  69  11:18  Void Ray x4 (Chrono Boost)  
  75  11:44  Photon Cannon  
  75  11:45  Photon Cannon  
  75  11:47  Photon Cannon  
  75  11:51  Shield Battery  
  75  11:52  Void Ray x4 (Chrono Boost)  
  75  11:55  Shield Battery  
  75  11:57  Shield Battery  
  75  11:59  Shield Battery  
  91  12:04  Pylon  
  91  12:06  Protoss Shields Level 1  
  91  12:10  Pylon  
  91  12:16  Protoss Air Weapons Level 3 (Chrono Boost)  
  91  12:17  Stargate  
  91  12:19  Stargate  
  91  12:22  Void Ray  
  95  12:43  Void Ray x3  
  103  13:00  Photon Cannon  
  103  13:01  Photon Cannon, Void Ray x2  
  109  13:39  Void Ray x2 (Chrono Boost)  
  109  13:52  Void Ray x3 (Chrono Boost)  
  109  13:53  Void Ray (Chrono Boost)  
  109  13:54  Probe x3  
  112  14:12  Void Ray (Chrono Boost)  
  116  14:17  Void Ray (Chrono Boost)  
  64  15:39  Carrier x2 (Chrono Boost)  
  80  16:17  Carrier (Chrono Boost)  
  80  16:18  Carrier (Chrono Boost)  
  80  16:20  Carrier (Chrono Boost)  
  76  16:35  Pylon  
  76  16:37  Pylon  
  69  16:41  Pylon  
  61  17:13  Pylon  
  60  17:15  Forge  
Show
View Real Time Build Order
Export as new Build Order

Deserter Terran 

Build Orders: 2 Factory 

Get SALT Encoding   

  12  0:02  SCV  
  13  0:13  Refinery  
  13  0:27  SCV  
  14  0:29  Supply Depot  
  14  0:39  SCV  
  15  0:51  SCV  
  15  0:54  Barracks  
  16  1:03  SCV  
  17  1:08  Supply Depot  
  17  1:16  SCV  
  18  1:28  SCV  
  19  1:40  SCV  
  19  1:41  Marine  
  19  1:45  Bunker  
  19  1:46  Refinery  
  21  1:59  Marine  
  22  2:12  Command Center  
  22  2:13  SCV  
  23  2:21  Marine  
  24  2:26  Refinery  
  24  2:36  Orbital Command  
  24  2:54  Factory  
  24  3:01  SCV  
  25  3:15  Factory  
  25  3:16  SCV  
  26  3:27  Orbital Command  
  26  3:28  Refinery  
  26  3:29  SCV  
  27  3:41  SCV  
  28  3:44  Factory Tech Lab  
  28  3:53  SCV  
  28  3:54  Starport  
  29  3:58  SCV  
  29  4:00  Factory Tech Lab  
  30  4:05  SCV  
  31  4:10  SCV  
  31  4:13  Engineering Bay  
  32  4:21  Cyclone  
  32  4:22  SCV  
  36  4:26  SCV  
  36  4:30  Starport Reactor  
  37  4:34  Cyclone  
  37  4:38  SCV  
  41  4:51  SCV x2  
  43  4:55  Siege Tank  
  46  5:02  Sensor Tower  
  46  5:15  SCV, Siege Tank  
  50  5:27  Siege Tank  
  53  5:38  SCV  
  54  5:43  Supply Depot  
  54  5:44  Supply Depot  
  54  5:45  SCV, Viking x2  
  56  6:02  Missile Turret  
  56  6:06  Missile Turret  
  53  6:15  Viking  
  52  6:28  Missile Turret  
  52  6:32  Siege Tank  
  55  6:34  Siege Tank  
  58  6:44  SCV  
  58  6:45  SCV  
  58  6:46  Missile Turret x2  
  60  6:49  Missile Turret  
  60  6:52  Viking, Missile Turret  
  62  6:57  Missile Turret x2  
  63  7:04  SCV  
  63  7:08  SCV  
  64  7:31  Viking x2  
  62  8:01  Viking x2  
  64  8:06  SCV x2  
  64  8:08  Siege Tank x2  
  72  8:29  Command Center  
  72  8:31  Viking  
  74  8:34  Viking  
  74  8:40  SCV x2  
  78  8:44  Siege Tank x2  
  78  8:48  Supply Depot  
  84  8:50  Supply Depot  
  84  8:52  SCV  
  85  9:16  Siege Tank x2  
  91  9:21  Liberator x2  
  85  9:26  Armory  
  85  9:28  Missile Turret  
  85  9:29  Missile Turret  
  83  9:33  Missile Turret  
  83  9:36  Factory  
  83  9:37  Factory  
  83  9:45  Missile Turret  
  83  9:54  Mag-Field Accelerator  
  83  9:57  Cyclone x2  
  89  10:04  Liberator x2  
  95  10:29  Cyclone x2  
  95  10:34  Missile Turret  
  95  10:35  Missile Turret x2  
  101  10:37  Missile Turret  
  101  10:42  Orbital Command  
  101  10:50  Factory Tech Lab x2  
  101  10:52  Supply Depot  
  101  10:58  Command Center  
  101  10:59  Terran Vehicle Weapons Level 1  
  101  11:01  Cyclone x2  
  107  11:18  Refinery  
  106  11:19  Refinery  
  106  11:20  Cyclone x2  
  106  11:24  SCV x3  
  115  11:34  Factory x2  
  115  11:37  SCV x2  
  115  11:38  SCV  
  118  11:48  Cyclone  
  118  11:49  Cyclone, SCV  
  118  11:50  SCV  
  118  11:52  Cyclone  
  118  11:53  Widow Mine  
  118  11:54  Drilling Claws  
  131  12:14  Widow Mine, Liberator x2  
  130  12:25  Missile Turret  
  130  12:28  Missile Turret  
  129  12:38  Cyclone  
  129  12:39  Cyclone x3  
  136  12:47  Missile Turret  
  134  13:02  Planetary Fortress  
  113  13:11  Cyclone  
  94  13:14  Viking x2  
  94  13:15  Siege Tank  
  85  13:23  SCV  
  86  13:27  Thor  
  92  13:39  SCV  
  92  13:40  SCV  
  94  13:44  Viking x2  
  94  13:47  Missile Turret  
  97  14:06  SCV x4  
  97  14:07  Missile Turret  
  101  14:14  Thor, Viking x2  
  101  14:15  Thor x2  
  123  14:18  SCV x3  
  123  14:19  SCV  
  127  14:30  Cyclone, SCV x2  
  127  14:31  SCV x2  
  133  14:34  Missile Turret  
  130  14:42  SCV  
  130  14:44  Viking  
  78  14:58  Cyclone x2, Siege Tank  
  86  15:02  Siege Tank  
  47  16:03  Supply Depot  
  45  16:05  Supply Depot  
  45  16:07  Supply Depot  
  45  16:08  Supply Depot  
  45  16:09  Supply Depot  
  36  16:26  Siege Tank x3  
Tags
 
Add a new tag
Caveats
  • Supply blocks, unpowered buildings, or Contaminate may cause inaccurate times.
  • Supply counts are checked every 10 seconds.